 Dungeon Crawl Stone Soup version 0.23.2-1-ga50397a (webtiles) character file.

Game seed: 17297858628318657118

479 Kairos the Ruffian (level 7, 0/58 (59) HPs)
             Began as a Ghoul Monk on Apr 23, 2019.
             Slain by an orc warrior
             ... wielding a cursed -3 short sword
              (1 damage)
             ... on level 6 of the Dungeon.
             The game lasted 00:06:31 (2444 turns).

Kairos the Ruffian (Ghoul Monk)                     Turns: 2444, Time: 00:06:32

HP:   0/58 (59)     AC:  9    Str: 17    XL:     7   Next: 11%
MP:   6/6           EV: 12    Int:  5    God:
Gold: 167           SH:  0    Dex: 11    Spells: 6/6 levels left

rFire    . . .     SeeInvis .     - Unarmed
rCold    + . .     Gourm    .   (no shield)
rNeg     + + +     Faith    .   n - +0 ring mail
rPois    ∞         Spirit   .   f - +1 hat
rElec    .         Reflect  .   e - +1 cloak {rPois}
rCorr    .         Harm     .   (no gloves)
MR       .....                  v - +0 pair of boots
Stlth    ++........             (no amulet)
HPRegen  0.00/turn              (no ring)
MPRegen  0.10/turn              (no ring)

@: rotting, slowed, very slow
A: rotting body, claws 1, carnivore, cold resistance 1, negative energy
resistance 3, inhibited regeneration, torment resistance, unbreathing
a: no special abilities


You were on level 6 of the Dungeon.
You were not hungry.

You visited 1 branch of the dungeon, and saw 5 of its levels.

You collected 167 gold pieces.

Inventory:

Hand Weapons
 j - a +4 dagger
 u - a +0 quarterstaff
Missiles
 d - 3 javelins (quivered)
Armour
 a - a +0 robe
 e - a +1 cloak of poison resistance (worn)
 f - a +1 hat (worn)
 n - a +0 ring mail (worn)
 o - a +0 plate armour
 v - a +0 pair of boots (worn)
Wands
 q - a wand of flame (10)
Scrolls
 h - a scroll of teleportation
 k - 3 scrolls of immolation {unknown}
 l - a scroll of fog {unknown}
 s - a scroll of random uselessness {unknown}
Potions
 c - a potion of heal wounds
 g - a potion of ambrosia
 i - a potion of agility {unknown}
 m - a potion of curing {unknown}
 p - a potion of resistance {unknown}
 r - 2 potions of flight {unknown}
Comestibles
 b - 12 rations
 t - 3 chunks of flesh


   Skills:
 + Level 4.1 Fighting
 + Level 2.2 Armour
 + Level 4.1 Dodging
 + Level 3.3 Stealth
 + Level 6.0 Unarmed Combat
 + Level 0.3 Evocations


You had 6 spell levels left.
You didn't know any spells.
Your spell library was empty.

Dungeon Overview and Level Annotations

Branches:
Dungeon (4/15)
 Temple: D:4-7

Altars:
Elyvilon
Fedhas
Vehumet

Annotations:
D:4 1 runed translucent door, Grinder; shugdite's ghost, amateur MiBe


Innate Abilities, Weirdness & Mutations

Your body is rotting away.
You thrive on raw meat.
You are immune to poison.
You have sharp fingernails.
You are carnivorous and can eat meat at any time.
Your flesh is cold resistant. (rC+)
You are immune to negative energy. (rN+++)
You do not regenerate when monsters are visible.
You are immune to unholy pain and torment.
You can survive without breathing.


Message History

You feel your flesh rotting away.
The orc wizard mumbles some strange words.
The orc wizard blinks!
The orc wizard gestures wildly while chanting.
The orc wizard blinks!
The orc wizard gestures wildly while chanting.
The orc wizard blinks!
The orc wizard gestures wildly while chanting.
The orc wizard blinks!
The orc wizard gestures at you while chanting.
You feel yourself slow down.
Found a stone staircase leading up.
A bullfrog comes into view.
The orc wizard gestures wildly while chanting.
The orc wizard blinks!
The orc warrior misses you. The orc wizard casts a spell at you.
The magic dart hits you!
* * * LOW HITPOINT WARNING * * *
The orc warrior hits you with a cursed -3 short sword.
You die...

#..##. ......
......# # .......
### ...<...## ###()
........## ###..##
.........## ###..###
..F....@o.# ###...##
........o.####...###
...........#...###
..............##
.............##
.............#
.............##
............#.#
..........##.#


You could see an orc warrior, a bullfrog (sleeping) and an orc wizard.

Vanquished Creatures
  Sigmund (D:3)
  A hound (D:4)
  A bullfrog skeleton (D:4)
  2 orc wizards (D:3)
  2 worker ants
  7 adders
  2 dart slugs
  4 leopard geckos
  5 orcs
  4 ball pythons
  3 giant cockroaches
  11 goblins
  12 hobgoblins
  11 kobolds
  2 quokkas
  7 bats
  6 frilled lizards
  2 rats (D:1)
83 creatures vanquished.

Notes
Turn   | Place    | Note
-------+----------+-------------------------------------------
     0 | D:1      | Kairos the Ghoul Monk began the quest for the Orb.
     0 | D:1      | Reached XP level 1. HP: 19/19 MP: 0/0
    90 | D:1      | Reached XP level 2. HP: 24/25 MP: 1/1
   430 | D:1      | Reached XP level 3. HP: 25/31 MP: 2/2
   886 | D:2      | Reached skill level 4 in Unarmed Combat
   959 | D:2      | Found a radiant altar of Vehumet.
   973 | D:2      | Reached XP level 4. HP: 27/40 MP: 3/3
  1291 | D:2      | Found a white marble altar of Elyvilon.
  1443 | D:2      | You fall through a shaft!
  1443 | D:3      | Noticed Sigmund
  1705 | D:2      | Reached XP level 5. HP: 43/46 MP: 4/4
  1757 | D:2      | Found a blossoming altar of Fedhas.
  1868 | D:3      | Reached skill level 1 in Armour
  1868 | D:3      | Reached skill level 5 in Unarmed Combat
  2059 | D:3      | Killed Sigmund
  2059 | D:3      | Reached XP level 6. HP: 25/52 MP: 5/5
  2177 | D:4      | Found a runed translucent door.
  2177 | D:4      | Noticed shugdite's ghost (amateur MiBe)
  2328 | D:4      | Reached XP level 7. HP: 41/59 MP: 6/6
  2344 | D:4      | Noticed Grinder
  2344 | D:4      | You fall through a shaft for 2 floors!
  2353 | D:6      | Reached skill level 6 in Unarmed Combat
  2443 | D:6      | HP: 1/58 [orc wizard/magic dart (11)]
  2444 | D:6      | Slain by an orc warrior

Skill      XL: |  1  2  3  4  5  6  7 |
---------------+----------------------+-----
Dodging        | 3 4 |  4.1
Unarmed Combat | 4 5 6 |  6.0
Stealth        | 3 |  3.3
Armour         | 1 2 |  2.2
Fighting       | 4 |  4.1
Evocations     | |  0.3

Action                   |  1- 3 |  4- 6 |  7- 9 || total
-------------------------+-------+-------+-------++-------
Melee: Unarmed           |   106 |   171 |    19 ||   296
       Punch             |       |     2 |     1 ||     3
Evoke: Wand              |       |     3 |     3 ||     6
  Use: Scroll            |       |     4 |       ||     4
 Stab: Sleeping          |     6 |     2 |       ||     8
       Distracted        |     1 |       |       ||     1
  Eat: Chunk             |     3 |    15 |     2 ||    20
Armor: Robe              |    19 |       |       ||    19
       Ring mail         |     4 |   168 |     6 ||   178
Dodge: Dodged            |    72 |   222 |    11 ||   305
